← All builds
Tech / Armada / Economy first / OBSERVED BUILD

Sharpshooter snipers

Armada Tech (Eco) build order · Supreme Isthmus

Standard T2 rush into an early Sharpshooter-led sniper bot push around 8:10-8:38, pairing T2 constructor support for Geo with sniper bots fighting at the middle rather than just economy scaling.

Usually first T2 con to Geo (81%)

#t2 #raid · 98 distinct matches · 50 players · 3% of Armada Tech games · team won 26% of 99 · Recently observed

THE CATCH, AND WHAT COMES WITH IT
  • SharpshooterT2 bot snipers from 8:10 · 6% of role by thenFrom the Advanced Bot Lab. Only 6% of Tech games have it by then; others who build it get it around 9:04

Where those units first fight, in 97 games with kill data: in the middle 55%, on their own side 45%.

Those units destroy a typical 1,385 metal of enemy units by 15:00.

Then transitions into anti-nuke (13% of army).

HOW TO PLAY IT

Key timing: Sharpshooter out by 9:04

  1. Open standard T2 rush with Bot Lab first.
  2. Finish Advanced Bot Lab on the normal T2 timing.
  3. Upgrade mex as usual while eco scales.
  4. Push Sharpshooter snipers from Advanced Bot Lab to fight forward in middle.
  5. Keep producing T2 cons and anti-nuke for the team.

Phase by phase

TYPICAL OF ITS 98 GAMES · AGAINST STANDARD TECH
  1. 1
  2. 2
  3. 3
  4. 4
  5. 5
PLAY THE OPENING

Follow the example game's first 9:10 step by step: what to build now, what comes next, and where it goes. At 1× it keeps pace with your own game.

  1. 1

    Up to the Bot Lab

    Economy
    • Metal Extractor3Mex
    • Wind Turbine4Wind
    Order
    1. Bot LabBot Lab after 3 mex, 4 winddone ~1:17, middle half 1:13–1:38

    Some games also: energy storage (37%)

    By 1:00 in all: 3 mex · 4 wind

    The example game in this phase · 4 steps
    1. Mex ×3
    2. Wind ×4
    3. Energy storage
    4. Bot LabBot Labdone 1:33 · typical 1:17
  2. 2

    Bot Lab to Advanced Bot Lab

    Economy
    • Metal Extractor1Mex
    • Wind Turbine9Wind
    • Energy Storage1Energy storage
    Order
    1. Advanced Bot LabAdvanced Bot Lab after 4 mex, 13 wind, 3 con turretdone ~4:18, middle half 4:08–4:33
    Builders
    • Construction Turret3 Con turret
    • Lazarus3 Lazarus
    • Construction Bot2 Con bot
    • Construction Bot1 Con bot for allies

    Some games also: converter (42%)

    By 3:22 in all: 4 mex · 13 wind · 1 energy storage · 3 con turret

    The example game in this phase · 15 steps
    1. LazarusLazarus
    2. Wind
    3. Construction BotCon bot
    4. Wind
    5. Construction BotCon botfor Air
    6. Wind
    7. LazarusLazarus
    8. Wind
    9. Construction BotCon bot
    10. Mex
    11. Wind ×2
    12. Con turret
    13. Wind
    14. Con turret
    15. Advanced Bot LabAdvanced Bot Labdone 4:03 · typical 4:18
  3. 3

    Advanced Bot Lab to 5:00

    Economy
    • Wind Turbine1Wind−2 vs standard
    Order
    1. Bot LabEat Bot Lab
    Builders
    • Advanced Construction Bot1 T2 con bot for allies

    Some games also: converter (43%)

    By 5:00 in all: 4 mex · 15 wind · 2 converter · 1 energy storage · 3 con turret

    The example game in this phase · 5 steps
    1. Bot LabEat Bot Labreclaimed for its metal
    2. Advanced Construction BotT2 con botfor Geo
    3. Advanced Metal ExtractorT2 mexdone 5:04 · typical 5:17
    4. Advanced Construction BotT2 con botfor Air
    5. Advanced Metal ExtractorT2 mex
  4. 4

    5:00 to T2 bot snipers

    Economy
    • Wind Turbine16Wind+5 vs standard
    • Energy Converter1Converter
    Order
    1. SharpshooterT2 bot snipers after 4 mex, 31 wind, 5 converterdone ~8:38, middle half 7:40–9:45
    Builders
    • Butler4 Butler
    • Advanced Construction Bot3 T2 con bot for allies

    Some games also: T2 con bot (35%)

    By 8:10 in all: 4 mex · 31 wind · 5 converter (standard 3) · 1 energy storage · 3 con turret

    The example game in this phase · 8 steps
    1. Advanced Metal ExtractorT2 mex ×2
    2. Advanced Construction BotT2 con botfor Geo sea
    3. Wind ×2
    4. Advanced Construction BotT2 con botfor Beach sea
    5. Wind ×4
    6. Advanced Construction BotT2 con botfor Pond
    7. Wind ×5
    8. SharpshooterSniper botdone 8:03 · typical 8:38
  5. 5

    T2 bot snipers to 10:00

    Economy
    • Wind Turbine19Wind−11 vs standard
    Army
    • Sharpshooter1 Sniper bot

    Some games also: converter (47%) · Butler (45%) · T2 con bot for allies (42%)

    The standard build makes here, this one skips: 4 converter · 5 Butler

    By 10:00 in all: 4 mex · 54 wind · 7 converter · 1 energy storage · 3 con turret

    The example game in this phase · 174 steps
    1. Wind ×3
    2. SharpshooterSniper bot
    3. Wind
    4. Converter
    5. Wind
    6. ButlerButler
    7. Converter
    8. ButlerButler
    9. Converter
    10. ButlerButler
    11. SmugglerJammer bot
    12. Wind
    13. Converter
    14. ButlerButler
    15. Converter
    16. ButlerButler
    17. SprinterSprinter ×2
    18. Converter
    19. Wind
    20. SprinterSprinter ×2
    21. Advanced Metal ExtractorT2 mexfor Geo sea
    22. Converter
    23. Wind
    24. SprinterSprinter
    25. Wind
    26. ButlerButler
    27. Wind
    28. ButlerButler
    29. Wind
    30. ButlerButler
    31. Wind
    32. ButlerButler
    33. Converter
    34. Wind
    35. ButlerButler
    36. Wind ×2
    37. ButlerButler
    38. Converter
    39. Wind
    40. ButlerButler
    41. Wind ×2
    42. ButlerButler
    43. Wind ×2
    44. Converter
    45. ButlerButler
    46. Wind ×4
    47. GhostGhost
    48. Converter ×2
    49. Wind ×3
    50. GhostGhost
    51. Wind ×4
    52. Converter
    53. Wind ×3
    54. GhostGhost
    55. Wind ×4
    56. Converter
    57. Wind ×2
    58. GhostGhost
    59. Wind ×2
    60. Converter ×2
    61. Wind ×3
    62. ButlerButler
    63. Wind ×4
    64. Converter
    65. ButlerButler
    66. Wind ×4
    67. ButlerButler
    68. UmbrellaAnti-nukedone 11:49
    69. Wind
    70. Converter
    71. Wind ×6
    72. Converter
    73. Wind ×3
    74. Converter
    75. Wind ×3
    76. Converter
    77. Wind ×4
    78. ButlerButler
    79. Wind
    80. Converter
    81. Wind ×2
    82. Converter
    83. ButlerButler
    84. Wind ×3
    85. ButlerButler
    86. Wind
    87. Converter
    88. ButlerButler
    89. Wind ×3
    90. SharpshooterSniper bot
    91. Converter
    92. Wind ×3
    93. Converter
    94. Wind ×4
    95. SharpshooterSniper bot
    96. Wind
    97. Converter
    98. Wind ×8
    99. Converter
    100. ButlerButler
    101. Wind ×5
    102. Converter ×2
    103. Wind
    104. ButlerButler
    105. Wind ×3
    106. ButlerButler
    107. Wind ×4
    108. ButlerButler
    109. Wind ×4
    110. Converter ×2
    111. Wind ×8
    112. Converter
    113. Wind ×6
    114. Converter
    115. Wind ×3
    116. HoundHound
    117. Wind ×2
    118. HoundHound
    119. Wind
    120. Converter
    121. Wind ×2
    122. HoundHound
    123. Wind ×2
    124. HoundHound
    125. Wind ×2
    126. HoundHound
    127. Wind
    128. Converter
    129. Wind ×3
    130. HoundHound
    131. Wind ×2
    132. HoundHound
    133. Wind ×2
    134. Converter
    135. Wind ×2
    136. HoundHound
    137. Wind ×3
    138. Converter
    139. Wind
    140. Converter
    141. Wind
    142. HoundHound
    143. Wind ×5
    144. Converter ×2
    145. Wind ×2
    146. HoundHound
    147. Wind ×3
    148. Converter
    149. Wind ×3
    150. HoundHound
    151. Converter
    152. Wind ×6
    153. HoundHound
    154. Converter
    155. Wind ×4
    156. Converter
    157. HoundHound
    158. Wind ×4
    159. Converter
    160. Wind
    161. HoundHound
    162. Converter
    163. Wind ×5
    164. HoundHound
    165. Wind ×3
    166. Converter
    167. Wind
    168. Converter
    169. Wind
    170. HoundHound
    171. Wind ×3
    172. Converter
    173. Wind ×2
    174. Converter

Counts are medians over the build's games: half of them build more, half fewer. The example game is BigRowan's (32 OS, 01/09/2026); pick another.

Team trades

IN AT LEAST 30% OF ITS GAMES

You hand over

  • Construction Bot1 Con bot to Airfirst at 2:24 · in 89% of games
  • Advanced Construction Bot5 T2 con bot to Geo sea or Air or Pondfirst at 4:59 · in 100% of games
  • Butler2 Butler to Geo sea or Beach seafirst at 10:30 · in 36% of games

You get

  • Hercules2 Light transport from Airfirst at 4:05 · in 88% of games

How it plays out

Typical game of this build against the role’s standard build, running totals by minute

  • This build
  • Standard tech

Metal produced

020k40k
0:005:0010:0015:00

metal

Enemy metal destroyed

01k2k3k
0:005:0010:0015:00

metal

Own metal lost

05001k
0:005:0010:0015:00

metal

99 games.

Show as table
ByMetal produced: This buildMetal produced: Standard techEnemy metal destroyed: This buildEnemy metal destroyed: Standard techOwn metal lost: This buildOwn metal lost: Standard tech
1:003833830000
2:009139150000
3:00160316520000
4:00309831440000
5:00486948480000
6:00595358020000
7:00751272300000
8:00930490650000
9:0011440111790000
10:001379313524183000
11:0016225162426500740
12:001895519652101401300
13:002217423428153803210
14:0026192272851801068074
15:0029993315072494115832130
WHAT THE NUMBERS SAY

Won far less often than the standard build, losing a lot more metal for only a modest gain in enemy metal destroyed.

  • + Enemy metal destroyed by 15:00 well above standard (2598 vs 262).
  • − Team win rate collapses to 21% vs standard's 53%.
  • − Own metal lost by 15:00 far exceeds standard (1360 vs 196).
THE EXAMPLE YOU ARE READING

BigRowan

31.8 OS · 01/09/2026

Open source match ↗

3 received units
2457 metal received · 117540 energy received

Allied construction assistance is unknown. Timings are observations, not a promise of solo reproducibility.

Typical milestones

Bot Lab1:17Middle 50%: 1:13–1:38 · n=99
Advanced Bot Lab4:18Middle 50%: 4:08–4:33 · n=99
Advanced Metal Extractor5:17Middle 50%: 4:57–5:42 · n=99
Sharpshooter8:38Middle 50%: 7:40–9:45 · n=99

Played most by

Amrissa15games of this buildDRM6games of this buildTheGeneraI5games of this buildenderOS14games of this buildKontraption4games of this build